 Dungeon Crawl Stone Soup version 0.31.0-32-g396128a36d (webtiles) character file.

Game seed: 14786868534909702945

514 AgateBread the Trooper (level 7, 0/78 HPs)
             Began as an Oni Gladiator on Apr 8, 2024.
             Was an Initiate of Yredelemnul.
             Slain by a gnoll
             ... wielding a +0 spear
              (1 damage)
             ... on level 5 of the Dungeon.
             The game lasted 00:26:16 (4548 turns).

AgateBread the Trooper (Oni Gladiator)              Turns: 4548, Time: 00:26:21

Health: 0/78       AC:  5    Str: 19 (21) XL:     7   Next: 20%
Magic:  5/7        EV: 10    Int:  6 (9)  God:    Yredelemnul [......]
Gold:   199        SH:  0    Dex:  8 (10) Spells: 6/6 levels left

rFire   . . .        a - +1 war axe
rCold   . . .        (no shield)
rNeg    . . .        b - +0 robe
rPois   +            c - +1 hat
rElec   .            x - +0 cloak
rCorr   .            (gloves unavailable)
SInv    .            (boots unavailable)
Will    .....        (no amulet)
Stlth   +            q - ring of poison resistance
HPRegen 0.33/turn    (no ring)
MPRegen 0.10/turn

%: no passive effects
@: no status effects
A: large, unfitting armour, horns 1, tough skin 1, double potion healing,
drunken brawling
a: Renounce Religion, Recall Undead Harvest


You were on level 5 of the Dungeon.
You worshipped Yredelemnul.
Yredelemnul was noncommittal.
You visited 1 branch of the dungeon, and saw 5 of its levels.

You collected 199 gold pieces.

Inventory:

Hand Weapons
 a - a +1 war axe (weapon)
 i - a +2 mace of venom
 A - a +0 dire flail
Missiles
 d - 2 throwing nets
 e - a large rock
 g - 4 javelins
 y - 2 boomerangs
Armour
 b - a +0 robe (worn)
 c - a +1 hat (worn)
 x - a +0 cloak (worn)
Jewellery
 q - a ring of poison resistance (left hand)
Talismans
 w - a maw talisman
Wands
 B - a wand of polymorph (6)
Scrolls
 f - 3 scrolls of enchant armour
 h - a scroll of silence {unknown}
 j - a scroll of enchant weapon
 k - a scroll of vulnerability
 l - a scroll of summoning {unknown}
 n - a scroll of amnesia
 o - 5 scrolls of identify
 p - 2 scrolls of poison {unknown}
 t - a scroll of revelation
 u - a scroll of acquirement {unknown}
Potions
 r - a potion of heal wounds {unknown}
 s - a potion of cancellation {unknown}
 v - a potion of invisibility {unknown}
 z - a potion of mutation {unknown}
 C - a potion of haste {unknown}


   Skills:
 + Level 7.2 Fighting
 + Level 5.4 Axes
 - Level 2.0 Throwing
 - Level 1.7 Armour
 - Level 2.6 Dodging
 + Level 1.1 Invocations


You had 6 spell levels left.
You didn't know any spells.
Your spell library contained the following spells:

 Spells                   Type           Power      Damage    Failure   Level
 Summon Small Mammal      Summ           0%         N/A       45%         1
 Call Canine Familiar     Summ           0%         N/A       83%         3
 Summon Blazeheart Golem  Fire/Summ      0%         N/A       99%         4


Dungeon Overview and Level Annotations

Branches:
Dungeon (5/15)
 Temple: D:4-7

Altars:
Cheibriados
Dithmenos
Fedhas
Okawaru
Ru
Trog
Uskayaw
Vehumet
Yredelemnul


Innate Abilities, Weirdness & Mutations

You are too large for most types of armour.
You have a pair of small horns on your head.
You have tough skin. (AC +1)
You gain doubled healing and magic from potions.
Whenever you drink a healing potion, you attack all around you.


Message History

The gnoll closely misses you.
Your Invocations skill increases to level 1!
You barely miss the gnoll.
You headbutt the gnoll, but do no damage.
The gnoll is moderately wounded.
You hit the orc but do no damage.
The gnoll hits you from afar with a +0 spear. x2
The orc closely misses you. The gnoll closely misses you.
You hit the gnoll. Your headbutt misses the gnoll.
The gnoll is almost dead.
You hit the orc but do no damage. The gnoll hits you but does no damage.
The gnoll barely misses you. The orc barely misses you.
The gnoll closely misses you.
Unknown command.
You barely miss the gnoll.
The gnoll is almost dead.
You closely miss the orc. The gnoll hits you but does no damage.
The gnoll hits you from afar with a +0 spear.
The orc barely misses you. The gnoll hits you with a +0 whip.
* * * LOW HITPOINT WARNING * * *
The gnoll hits you from afar with a +0 spear.
* * * LOW HITPOINT WARNING * * *
You hit the gnoll.
The gnoll is almost dead.
You hit the orc.
The gnoll hits you from afar with a +0 spear.
* * * LOW HITPOINT WARNING * * *
The orc closely misses you. The gnoll closely misses you.
The gnoll barely misses you.
The gnoll hits you from afar with a +0 spear.
* * * LOW HITPOINT WARNING * * *
The orc closely misses you. The gnoll hits you with a +0 whip!
* * * LOW HITPOINT WARNING * * *
It was a potion of degeneration.
There was something very wrong with that liquid.
You feel weakened.
You feel dopey.
You feel clumsy. The gnoll closely misses you.
The gnoll hits you from afar with a +0 spear.
You die...
Your body rises from the dead as a mindless zombie.

#....# #....#
#....# #....#
#....# #....#
#....# #..@g##### #
#.o...>..# .#
#...gg...#..#
#........'..+
######........#+##
#.........####....#
#.........# ....#
#..<......# .g..#
#.........# ..g.#


You could see 3 gnolls and an orc.

Vanquished Creatures
  A bombardier beetle (D:4)
  2 hounds
  An orc priest (D:2)
  A jelly (D:4)
  3 sleepcaps
  Natasha (thrice) (D:2)
  The ghost of flammie80 the Trooper, a weakling FoMo (D:4)
  4 gnolls (D:2)
  5 adders
  2 ribbon worms (D:2)
  5 dart slugs
  7 orcs
  5 endoplasms
  2 giant cockroaches (D:4)
  14 goblins
  4 hobgoblins
  9 jackals (D:1)
  4 kobolds
  A quokka (D:2)
  6 ball pythons
  2 bats
  2 frilled lizards
  7 rats
91 creatures vanquished.

Notes
Turn   | Place    | Note
-------+----------+-------------------------------------------
     0 | D:1      | AgateBread the Oni Gladiator began the quest for the Orb.
     0 | D:1      | Reached XP level 1. HP: 22/22 MP: 1/1
   101 | D:1      | Reached skill level 3 in Fighting
   173 | D:1      | Reached XP level 2. HP: 25/31 MP: 2/2
   174 | D:1      | Reached skill level 1 in Armour
   318 | D:1      | Found a faded altar of an unknown god.
   502 | D:1      | Reached XP level 3. HP: 36/39 MP: 3/3
   924 | D:2      | Reached skill level 4 in Fighting
  1054 | D:2      | Reached XP level 4. HP: 28/49 MP: 4/4
  1336 | D:2      | Reached skill level 5 in Fighting
  1336 | D:2      | Reached XP level 5. HP: 28/57 MP: 5/5
  1786 | D:2      | Noticed Natasha
  1793 | D:2      | Killed Natasha
  1877 | D:2      | Found a radiant altar of Vehumet.
  2114 | D:2      | Noticed Natasha
  2123 | D:2      | Killed Natasha
  2126 | D:2      | Noticed Natasha
  2137 | D:2      | Killed Natasha
  2237 | D:3      | Reached XP level 6. HP: 54/67 MP: 6/6
  2239 | D:3      | Reached skill level 6 in Fighting
  3493 | D:4      | Reached skill level 5 in Axes
  3949 | D:4      | Reached skill level 7 in Fighting
  3949 | D:4      | Reached XP level 7. HP: 61/78 MP: 7/7
  4029 | D:4      | Found a snail-covered altar of Cheibriados.
  4029 | D:4      | Found a shadowy altar of Dithmenos.
  4034 | D:4      | Found a hide-covered altar of Uskayaw.
  4037 | D:4      | Found a sacrificial altar of Ru.
  4041 | D:4      | Found a blossoming altar of Fedhas.
  4042 | D:4      | Found a bloodstained altar of Trog.
  4055 | D:4      | Found a basalt altar of Yredelemnul.
  4056 | D:4      | Found an iron altar of Okawaru.
  4079 | D:4      | Became a worshipper of Yredelemnul the Dark
  4085 | D:4      | Found a runed translucent door.
  4087 | D:4      | Noticed flammie80's ghost (weakling FoMo)
  4097 | D:4      | Killed flammie80's ghost
  4514 | D:5      | Entered Level 5 of the Dungeon
  4544 | D:5      | Reached skill level 1 in Invocations
  4547 | D:5      | HP: 1/78 [gnoll/+0 whip (8)]
  4548 | D:5      | Slain by a gnoll

Illustrated notes

Levels and vault maps discovered:
D:1:      minmay_arrival_radiant_lines, layout_loops_ring,
          shapermc_ecumenical_altar_gd, hangedman_decor_growths
D:2:      cheibrodos_pilgrimage, layout_rooms, basic_altar, serial_curves,
          eino_curves_04, eino_curves_04, eino_curves_01, minmay_ruptured,
          uniq_natasha
D:3:      layout_basic
D:4:      layout_loops_cross, nicolae_overflow_hallway_of_the_gods,
          gammafunk_ghost_grave
D:5:      layout_gridville

Skill      XL: |  1  2  3  4  5  6  7 |
---------------+----------------------+-----
Fighting       | 3 4 5 7 |  7.2
Armour         | 1 |  1.7
Axes           | 4 5 |  5.4
Invocations    | 1 |  1.1
Throwing       | |  2.0
Dodging        | |  2.6

Action                     |  1- 3 |  4- 6 |  7- 9 || total
---------------------------+-------+-------+-------++-------
  Melee: War axe           |    36 |       |     5 ||    41
         Headbutt          |    15 |    16 |     6 ||    37
         Mace              |    52 |   106 |    18 ||   176
         Punch             |       |     1 |       ||     1
  Throw: Javelin           |       |     5 |       ||     5
         Large rock        |       |     2 |       ||     2
         Throwing net      |       |     1 |       ||     1
         Boomerang         |       |     2 |       ||     2
 Invoke: Recall Undead Har |       |       |     1 ||     1
    Use: Scroll            |       |     3 |     3 ||     6
         Potion            |       |     1 |     1 ||     2
   Stab: Held in net/web   |       |     1 |       ||     1
 Armour: Robe              |    54 |    69 |    39 ||   162
  Dodge: Dodged            |    39 |    63 |    22 ||   124
